 Dungeon Crawl Stone Soup version 0.26-a0-639-g72c4674329 (webtiles) character file.

Game seed: 15005166350958168589

73526 Lanoc the Brawler (level 15, -19/149 HPs)
             Began as a Troll Transmuter on Sept 26, 2020.
             Was the Champion of Cheibriados.
             Demolished by a moth of wrath (22 damage)
             ... on level 4 of the Lair of Beasts.
             The game lasted 00:38:06 (19905 turns).

Lanoc the Brawler (Troll Transmuter)               Turns: 19905, Time: 00:38:06

Health: -19/149    AC: 14    Str: 37    XL:     15   Next: 4%
Magic:  9/15       EV: 19    Int: 29    God:    Cheibriados [******]
Gold:   1951       SH:  9    Dex: 25    Spells: 2/16 levels left

rFire    + . .     SeeInvis .     - Unarmed
rCold    + + .     Faith    .   (shield currently unavailable)
rNeg     . . .     Spirit   .   r - +2 robe {rF+}
rPois    .         Reflect  +   (helmet restricted)
rElec    .         Harm     .   y - +1 cloak {rC+}
rCorr    .         Rampage  .   (gloves unavailable)
MR       ++...                  (boots unavailable)
Stlth    ++........             F - amulet of reflection
HPRegen  0.74/turn              K - ring of protection from magic
MPRegen  0.14/turn              h - +4 ring of protection

@: lethally poisoned (-19 -> -20), about to teleport, blade hands, wereblooded,
very slow
A: large, unfitting armour, claws 3, large bone plates 1, cold resistance 1,
regeneration 1, shaggy fur 1, tough skin 3
a: End Transformation, Bend Time, Temporal Distortion, Slouch, Step From Time,
Renounce Religion


You were on level 4 of the Lair of Beasts.
You worshipped Cheibriados.
Cheibriados was exalted by your worship.
You had blades for hands.
You visited 4 branches of the dungeon, and saw 22 of its levels.
You visited 1 bazaar.
You also visited: Ossuary and Ice Cave.

You collected 1951 gold pieces.

Inventory:

Hand Weapons
 b - the +10 trident "Zishrepsi" {elec, Int+3}
   (You found it on level 1 of the Lair of Beasts)

   Occasionally, upon striking a foe, it will discharge some electrical energy
   and cause terrible harm.
   It affects your intelligence (+3).
 c - a +3 scimitar of flaming
Missiles
 i - 27 large rocks (quivered)
Armour
 a - a +0 tower shield
 r - a +2 robe of fire resistance (worn)
 y - a +1 cloak of cold resistance (worn)
 E - a +0 robe of the Archmagi
 I - +2 ice dragon scales
Jewellery
 h - a +4 ring of protection (right scythe-like blade)
 q - an uncursed ring of see invisible
 w - an uncursed ring of magical power
 D - an uncursed ring of poison resistance
 F - an amulet of reflection (around neck)
 K - a ring of protection from magic (left scythe-like blade)
Wands
 s - a wand of iceblast (27)
 u - a wand of flame (25)
 z - a wand of polymorph (20)
 C - a wand of digging (6)
 G - a wand of disintegration (22)
 O - a wand of enslavement (6)
 Q - a wand of paralysis (20)
Scrolls
 f - 4 scrolls of fear {unknown}
 j - 2 scrolls of teleportation
 n - 4 scrolls of remove curse
 o - 6 scrolls of enchant armour
 t - 2 scrolls of enchant weapon
 v - 2 scrolls of fog
 A - 3 scrolls of magic mapping
 L - 3 scrolls of amnesia
 M - a scroll of immolation
 P - a scroll of summoning
Potions
 d - 5 potions of stabbing
 e - 5 potions of cancellation
 g - a potion of might
 k - 4 potions of heal wounds
 l - 2 potions of brilliance
 m - 8 potions of curing
 p - 2 potions of mutation
 x - 2 potions of magic
 H - 2 potions of invisibility
 J - 8 potions of ambrosia {unknown}
 N - 2 potions of resistance
 R - a potion of lignification
Miscellaneous
 B - a phial of floods
 S - a phial of floods


   Skills:
 + Level 9.6 Fighting
 + Level 9.8 Dodging
 * Level 15.5 Unarmed Combat
 - Level 1.2 Spellcasting
 * Level 11.2 Transmutations
 + Level 4.3 Earth Magic


You had 2 spell levels left.
You knew the following spells:

 Your Spells              Type           Power        Failure   Level
a - Beastly Appendage     Tmut           ######       7%          1
b - Wereblood             Tmut           ######..     8%          2
c - Blade Hands           Tmut           ######....   24%         5
d - Statue Form           Tmut/Erth      #####....    87%         6

Your spell library contained the following spells:

 Spells                   Type           Power        Failure   Level
 Spider Form              Tmut/Pois      ####......   24%         3
 Ice Form                 Ice/Tmut       ####....     43%         4
 Hydra Form               Tmut           ######....   54%         6
 Irradiate                Conj/Tmut      ####......   69%         5
 Dragon Form              Tmut           ######....   92%         7


Dungeon Overview and Level Annotations

Branches:
Dungeon (15/15)            Temple (1/1) D:4            Lair (4/6) D:8
 Shoals (0/4) Lair:2       Spider (0/4) Lair:4          Orc (2/2) D:11
    Elf (0/3) Orc:2        Vaults (0/5) D:13         Depths (0/5) D:15
Ossuary (visited)           IceCv (visited)

Altars:
Ashenzari
Cheibriados
Dithmenos
Gozag
Hepliaklqana
Makhleb
Nemelex Xobeh
Qazlal
Uskayaw
Vehumet
Yredelemnul

Shops:
D:13 }*[   Orc:2 *=![(

Portals:
Trove: D:14 (give horn of Geryon)

Annotations:
D:13 3 runed translucent doors, Vyicahaf's ghost, journeyman DrCj
Lair:4 1 transporter, Cobof's ghost, journeyman OpVM


Innate Abilities, Weirdness & Mutations

You are too large for most types of armour.
You have claws for hands.
Your natural rate of healing is unusually fast.
You are covered in fur. (AC +1)
You have extremely tough skin. (AC +3)
You are partially covered in large bone plates. (SH +4)
Your flesh is cold resistant. (rC+)


Message History

* * * LOW HITPOINT WARNING * * *
The six-headed hydra closely misses you.
You block the six-headed hydra's attack.
The six-headed hydra closely misses you.
* * * LOW HITPOINT WARNING * * *
You are more poisoned.
* * * LOW HITPOINT WARNING * * *
You are more poisoned.
Cobof's ghost's toxic aura wanes.
The moth of wrath is engulfed in noxious fumes.
You block the six-headed hydra's attack.
The six-headed hydra misses you. The six-headed hydra bites you!
* * * LOW HITPOINT WARNING * * *
The six-headed hydra bites you!
* * * LOW HITPOINT WARNING * * *
You block the six-headed hydra's attack.
The six-headed hydra barely misses you. Cobof's ghost completely misses you.
The moth of wrath is engulfed in noxious fumes.
The moth of wrath appears confused.
The moth of wrath bites you!!
You die...

####.....#.....P##..#.## ##.####
## ###.........##.....####..#
.######.....................#
...##..###.#...#####.......### #
....##.# ###.###.©.###.....#.# #
.......# ##..#.......##......####
..#.P..###P..#...#.#..#..#.......
.#.###!.P#...#F..#.#..#..........
..###.......##.#@y○..##...##.....
..#...#...#.#.#.DW#.)#...###.#...
.....#....#.#...#°○=!#©..# #..#..
...#####..#.##...○.#!#...# #####.
..## ##...©#.#...#)##.## ##. ...#
#....##..##.#y,#..## #..
...#####....#.$.#...#h#...# ##..
#...##......##....#..##...####...
.......###P..##?.....#..#......(.


You could see a six-headed hydra (berserk), a moth of wrath (confused), a blink
frog (confused) and Cobof's ghost.

Vanquished Creatures
  A reaper (IceCv)
  A very ugly thing (D:13)
  Azrael (D:14)
  Erolcha (D:12)
  8 vault guards
  A catoblepas (D:13)
  2 hydras
  4 centaur warriors
  A two-headed ogre (D:8)
  A tengu warrior (D:15)
  Nergalle (Lair:4)
  An orc high priest (Orc:2)
  5 skeletal warriors (D:13)
  2 unseen horrors (D:11)
  A necromancer (D:15)
  An orc knight (Orc:1)
  A wolf spider zombie (D:15)
  9 orc sorcerers
  3 deep elf magi
  10 ugly things
  5 cyclopes
  2 ice statues (IceCv)
  2 black mambas
  Maurice (D:12)
  2 gargoyles
  A naga mage (D:15)
  5 cane toads
  5 kobold demonologists (D:15)
  5 komodo dragons
  6 ice devils (IceCv)
  3 trolls (Orc:2)
  The ghost of p0werm0de the Skirmisher, an amateur MiFi (D:4)
  A queen bee (Lair:2)
  5 jumping spiders (Lair:4)
  2 hornets
  Prince Ribbit (D:5)
  A snapping turtle (Lair:2)
  20 blink frogs
  3 slime creatures (D:13)
  10 hippogriffs
  A centaur simulacrum (D:15)
  Sigmund (D:6)
  A shadow (D:12)
  3 redbacks (Lair:4)
  A spriggan (shapeshifter) (D:15)
  3 vampires
  3 wyverns
  32 yaks
  A wraith (D:12)
  3 fire elementals (D:14)
  3 basilisks
  3 wargs (Orc:2)
  Edmund (D:5)
  2 acid dragons
  7 water moccasins
  3 hell hounds
  10 porcupines
  17 orc warriors
  12 ice beasts
  A swamp drake (D:11)
  8 sky beasts
  2 phantoms
  2 black bears (D:8)
  12 ogres
  8 centaurs
  3 wolves (Lair:4)
  5 crocodiles
  2 elf zombies (Ossuary)
  3 big kobolds (D:15)
  16 bullfrogs
  2 wyvern zombies
  A gnoll sergeant (D:7)
  2 wyvern skeletons
  A scorpion (D:7)
  A water moccasin skeleton (D:5)
  34 killer bees
  10 wights
  2 howler monkeys (D:10)
  2 jellies
  6 centaur zombies
  A quasit (D:15)
  A human zombie (Ossuary)
  2 hounds
  A bullfrog zombie (D:13)
  29 orc priests
  3 bullfrog skeletons
  4 centaur skeletons
  3 iguanas
  40 orc wizards
  8 worker ants
  A killer bee zombie (D:5)
  A big kobold zombie (Ossuary)
  A hound zombie (D:5)
  2 mummies (Ossuary)
  A howler monkey zombie (D:7)
  A worker ant zombie (D:6)
  6 adders
  14 gnolls
  A shadow imp (D:5)
  7 white imps
  11 ufetubi
  2 adder zombies
  6 adder skeletons
  3 worms
  6 leopard geckos
  82 orcs
  2 bats
  4 giant cockroaches
  2 goblins (D:3)
  4 hobgoblins
  3 jackals (D:6)
  12 kobolds
  A quokka (D:6)
  3 frilled lizards
  2 goblin zombies (Ossuary)
  9 hobgoblin zombies (Ossuary)
  A jackal skeleton (D:5)
  A jackal zombie (Ossuary)
  9 kobold zombies (Ossuary)
  A leopard gecko skeleton (D:6)
  2 leopard gecko zombies
  8 orc zombies (Ossuary)
  6 rats
673 creatures vanquished.

Vanquished Creatures (others)
  A wolf (Lair:4)
  6 white imps (IceCv)
  4 ufetubi (IceCv)
  A kobold (D:15)
  31 fungi
  23 plants
66 creatures vanquished.

Grand Total: 739 creatures vanquished

Notes
Turn   | Place    | Note
-------+----------+-------------------------------------------
     0 | D:1      | Lanoc the Troll Transmuter began the quest for the Orb.
     0 | D:1      | Reached XP level 1. HP: 18/18 MP: 1/1
    68 | D:2      | Found a radiant altar of Vehumet.
   184 | D:2      | Reached skill level 1 in Fighting
   188 | D:3      | Found a shadowy altar of Dithmenos.
   190 | D:3      | Found a basalt altar of Yredelemnul.
   198 | D:3      | Reached XP level 2. HP: 27/27 MP: 2/2
   279 | D:3      | Reached XP level 3. HP: 10/33 MP: 1/3
   281 | D:3      | Gained mutation: Your flesh is cold resistant. (rC+)
                  | [potion of mutation]
   281 | D:3      | Gained mutation: You are partially covered in large bone
                  | plates. (SH +4) [potion of mutation]
   289 | D:3      | Reached skill level 4 in Unarmed Combat
   289 | D:3      | Reached XP level 4. HP: 16/41 MP: 1/4
   387 | D:3      | Learned a level 2 spell: Wereblood
   745 | D:3      | Found a faded altar of an unknown god.
   751 | D:3      | Became a worshipper of Cheibriados the Contemplative
   751 | D:3      | Reached * piety under Cheibriados
  1000 | D:4      | Found a sparkling altar of Nemelex Xobeh.
  1006 | D:4      | Noticed an ogre
  1021 | D:4      | Killed an ogre
  1021 | D:4      | Reached XP level 5. HP: 18/49 MP: 3/5
  1126 | D:4      | Reached XP level 6. HP: 43/57 MP: 0/6
  1128 | D:4      | Reached skill level 5 in Unarmed Combat
  1242 | D:4      | Found a runed translucent gate.
  1242 | D:4      | Found a runed translucent gate.
  1243 | D:4      | Found a runed translucent gate.
  1331 | D:4      | Reached ** piety under Cheibriados
  1446 | D:4      | Found a staircase to the Ecumenical Temple.
  1455 | Temple   | Entered the Ecumenical Temple
  1490 | D:4      | Noticed p0werm0de's ghost (amateur MiFi)
  1627 | D:4      | Found an opulent altar of Gozag.
  1706 | D:4      | Killed p0werm0de's ghost
  1706 | D:4      | Reached XP level 7. HP: 41/66 MP: 7/7
  1733 | D:5      | Entered Level 5 of the Dungeon
  1742 | D:5      | Noticed Edmund
  1749 | D:5      | Killed Edmund
  1749 | D:5      | Reached skill level 6 in Unarmed Combat
  1852 | D:5      | Reached XP level 8. HP: 67/75 MP: 6/8
  1926 | D:5      | Found a sand-covered staircase.
  1929 | D:5      | Reached skill level 7 in Unarmed Combat
  1943 | Ossuary  | Entered an ossuary
  1993 | Ossuary  | Reached *** piety under Cheibriados
  2223 | D:5      | Found a burning altar of Makhleb.
  2660 | D:5      | Noticed Prince Ribbit
  2667 | D:5      | Killed Prince Ribbit
  2667 | D:5      | Reached skill level 8 in Unarmed Combat
  2790 | D:5      | Reached XP level 9. HP: 84/84 MP: 9/9
  2911 | D:5      | Found a snail-covered altar of Cheibriados.
  3156 | D:6      | Reached **** piety under Cheibriados
  3325 | D:6      | Reached skill level 5 in Dodging
  3476 | D:6      | Noticed Sigmund
  3484 | D:6      | Killed Sigmund
  3484 | D:6      | Reached skill level 9 in Unarmed Combat
  3621 | D:6      | Got a jewelled falchion
  3621 | D:6      | Identified the +9 falchion of Karma {freeze, +Rage +Fly}
                  | (You found it on level 6 of the Dungeon)
  3897 | D:7      | Reached skill level 5 in Fighting
  3933 | D:7      | Found a shattered altar of Ashenzari.
  4127 | D:7      | Reached skill level 5 in Transmutations
  4152 | D:7      | Reached ***** piety under Cheibriados
  4233 | D:7      | Found a hazy altar of Hepliaklqana.
  4297 | D:7      | Reached XP level 10. HP: 83/96 MP: 6/10
  4706 | D:8      | Reached skill level 10 in Unarmed Combat
  4746 | D:8      | Noticed a two-headed ogre
  4754 | D:8      | Killed a two-headed ogre
  5210 | D:8      | Found a staircase to the Lair.
  5352 | D:8      | Found a hide-covered altar of Uskayaw.
  5613 | D:9      | Reached ****** piety under Cheibriados
  5657 | D:9      | Reached skill level 11 in Unarmed Combat
  6151 | D:9      | Noticed a red ugly thing
  6156 | D:9      | Killed a red ugly thing
  6156 | D:9      | Reached XP level 11. HP: 105/105 MP: 7/11
  6400 | D:10     | Entered Level 10 of the Dungeon
  6635 | D:10     | Found an opulent altar of Gozag.
  6984 | D:11     | Got a steaming trident
  6984 | D:11     | Identified the +8 trident of Zewinkop {drain, rPois rF-
                  | Str+8} (You found it on level 11 of the Dungeon)
  7068 | D:11     | Found a stormy altar of Qazlal.
  7089 | D:11     | Found a gateway to a bazaar.
  7151 | D:11     | Noticed an unseen horror
  7162 | D:11     | Killed an unseen horror
  7261 | D:11     | Noticed a deep elf mage
  7265 | D:11     | Killed a deep elf mage
  7371 | D:11     | Found a staircase to the Orcish Mines.
  7792 | D:11     | Noticed an unseen horror
  7804 | D:11     | Killed an unseen horror
  8027 | Orc:1    | Entered Level 1 of the Orcish Mines
  8045 | Orc:1    | Noticed an orc sorcerer
  8047 | Orc:1    | Noticed an orc knight
  8060 | Orc:1    | Killed an orc knight
  8060 | Orc:1    | Reached skill level 12 in Unarmed Combat
  8061 | Orc:1    | Killed an orc sorcerer
  8366 | Orc:2    | Entered Level 2 of the Orcish Mines
  8371 | Orc:2    | Noticed an orc sorcerer
  8380 | Orc:2    | Killed an orc sorcerer
  8383 | Orc:2    | Noticed an orc sorcerer
  8505 | Orc:2    | Noticed a soul eater
  8546 | Orc:1    | Killed an orc sorcerer
  8564 | Orc:2    | Noticed an orc sorcerer
  8573 | Orc:2    | Reached XP level 12. HP: 76/118 MP: 8/12
  8936 | Orc:2    | Noticed an orc high priest
  9001 | Orc:2    | Killed an orc high priest
  9286 | Orc:2    | Found Toecw's General Store.
  9479 | Orc:2    | Found a staircase to the Elven Halls.
  9555 | Orc:2    | Found Letoal's Distillery.
  9555 | Orc:2    | Found Vienow's Antique Weapon Emporium.
  9556 | Orc:2    | Found Kirujykk's Antique Armour Emporium.
  9559 | Orc:2    | Found Alyoba's Jewellery Shoppe.
  9706 | Bazaar   | Entered a bazaar
  9716 | Bazaar   | Found Ycriasof's Antique Armour Shop.
  9722 | Bazaar   | Found Myenase's Armour Boutique.
  9728 | Bazaar   | Found Osallu's Weapon Shoppe.
  9741 | Bazaar   | Found Awot's Gadget Boutique.
  9849 | D:12     | Noticed Maurice
  9861 | D:12     | Killed Maurice
 10122 | D:12     | Learned a level 5 spell: Blade Hands
 10184 | D:12     | Noticed Erolcha
 10193 | D:12     | Killed Erolcha
 10193 | D:12     | Reached skill level 13 in Unarmed Combat
 10753 | D:13     | Found Jimum's Gadget Emporium.
 10771 | D:13     | Found Gasit's General Store.
 10785 | D:13     | Noticed a centaur warrior
 10792 | D:13     | Killed a centaur warrior
 10885 | D:13     | Noticed a vault guard
 10886 | D:13     | Noticed a vault guard
 10888 | D:13     | Noticed a vault guard
 10889 | D:13     | Noticed a vault guard
 10890 | D:13     | Noticed a vault guard
 10895 | D:13     | Killed a vault guard
 10897 | D:13     | Noticed a vault guard
 10986 | D:13     | Noticed a vault guard
 10996 | D:13     | Killed a vault guard
 11024 | D:13     | Noticed a vault guard
 11036 | D:13     | Killed a vault guard
 11109 | D:12     | Killed a vault guard
 11109 | D:12     | Reached XP level 13. HP: 14/127 MP: 7/13
 11527 | D:13     | Found a gate to the Vaults.
 11544 | D:13     | Found Rojuo's Armour Emporium.
 11827 | D:13     | Reached skill level 14 in Unarmed Combat
 12005 | D:13     | Found a runed translucent gate.
 12005 | D:13     | Found a runed translucent gate.
 12005 | D:13     | Found a runed translucent gate.
 12008 | D:13     | Noticed a purple very ugly thing
 12339 | D:13     | Killed a cyan very ugly thing
 12501 | D:13     | Found a runed translucent gate.
 12501 | D:13     | Found a runed translucent gate.
 12507 | D:13     | Found a runed translucent gate.
 12507 | D:13     | Noticed Vyicahaf's ghost (journeyman DrCj)
 12706 | D:14     | Found a sparkling altar of Nemelex Xobeh.
 12722 | D:14     | Found an opulent altar of Gozag.
 12786 | D:14     | Reached skill level 10 in Transmutations
 13023 | D:14     | Learned a level 6 spell: Statue Form
 13058 | D:14     | Noticed Azrael
 13159 | D:14     | Killed Azrael
 13281 | D:14     | Found a portal to a secret trove of treasure.
 13541 | D:14     | Reached skill level 1 in Earth Magic
 13791 | D:15     | Entered Level 15 of the Dungeon
 14129 | D:15     | Reached XP level 14. HP: 112/137 MP: 6/14
 14568 | D:15     | Found a staircase to the Depths.
 15108 | Lair:1   | Entered Level 1 of the Lair of Beasts
 15614 | Lair:1   | Got a transparent trident
 15614 | Lair:1   | Identified the +10 trident "Zishrepsi" {elec, Int+3} (You
                  | found it on level 1 of the Lair of Beasts)
 16238 | Lair:2   | Found a staircase to the Shoals.
 16249 | Lair:2   | Reached skill level 15 in Unarmed Combat
 17713 | Lair:4   | Found a frozen archway.
 17739 | IceCv    | Entered an ice cave
 18049 | IceCv    | Noticed a reaper
 18059 | IceCv    | Killed a reaper
 18457 | Lair:4   | Noticed Cobof's ghost (journeyman OpVM)
 18757 | Lair:4   | Found a transporter.
 18832 | Lair:4   | Noticed Nergalle
 18843 | Lair:4   | Killed Nergalle
 18920 | Lair:4   | Found a transporter.
 18995 | Lair:4   | Found a hole to the Spider Nest.
 19278 | Lair:4   | Reached XP level 15. HP: 148/148 MP: 15/15
 19905 | Lair:4   | HP: 3/149 [six-headed hydra (13)]
 19905 | Lair:4   | Demolished by a moth of wrath

Illustrated notes

Levels and vault maps discovered:
D:1:      dpeg_arrival_subterranean_lakeside_camping, layout_basic,
          grunt_decor_one_mirror
D:2:      layout_loops_corners, lemuel_crystal_altar, uniq_terence, uniq_natasha
D:3:      layout_loops_cross, grunt_temple_overflow_open,
          chequers_ecumenical_altar_lobes, minmay_between
D:4:      layout_cave_pools, lemuel_coloured_pillars_altar,
          overflow_temple_1_default, temple_hall, ebering_ghost_rock_garden
D:5:      layout_basic, makhleb_blood_cavern_becter, enter_ossuary_1,
          lemuel_tele_altar, uniq_prince_ribbit1, uniq_edmund
D:6:      layout_rooms, uniq_sigmund
D:7:      layout_basic, cheibrodos_ashenzari_chains,
          nicolae_overflow_crystal_walls, chequers_mini_garden
D:8:      layout_rooms, marbit_many_paths, grunt_lair_entry_orc_guard_hut
D:9:      layout_roguey
D:10:     layout_loops_ring, nicolae_gozag_seed_capital
D:11:     layout_roguey, erik_orc_1, basic_altar, serial_shops, bzr_entry_gold
D:12:     layout_basic, minmay_strange_pillars, uniq_maurice, uniq_erolcha
D:13:     layout_basic, erik_vaults_2,
          ploomutoo_gammafunk_ghost_potion_laboratory, serial_shops,
          nicolae_shop_stone, kennysheep_mini_moat, shop, interstate_on_off
D:14:     layout_gridville, lemuel_round_altar, enter_trove_1, basic_altar,
          uniq_azrael
D:15:     grunt_enter_depths_magical_seal, layout_irregular_city,
          minmay_misc_feat_hallway
Temple:   oiseaux_autumnal_temple
Lair:1:   layout_regular_city, minmay_holes, chequers_serial_rivers_small_b
Lair:2:   layout_roguey [special_room_bee], minmay_shoals_entry_hut
Lair:3:   layout_roguey
Lair:4:   layout_layer_cave, nicolae_spider_entry_tight_spaces,
          gammafunk_ghost_berserking_beasts, portal_ice_cave_entry_ice_beasts,
          uniq_nergalle
Orc:1:    layout_diamond_mine
Orc:2:    st_orc_mages, layout_caves, serial_shops,
          nicolae_shop_temple_entry_statues_fountains

Skill      XL: |  1  2  3  4  5  6  7  8  9 10 11 12 13 14 |
---------------+-------------------------------------------+-----
Fighting       | 1 2 3 4 5 6 7 8 9 |  9.6
Dodging        | 2 3 4 5 6 7 8 9 |  9.8
Unarmed Combat | 4 5 6 8 9 11 12 13 14 15 | 15.5
Transmutations | 2 3 4 5 6 7 9 10 11 | 11.2
Earth Magic    | 1 4 |  4.3
Spellcasting   | |  1.2

Action                   |  1- 3 |  4- 6 |  7- 9 | 10-12 | 13-15 || total
-------------------------+-------+-------+-------+-------+-------++-------
Melee: Unarmed           |    56 |   102 |   266 |   472 |   529 ||  1425
       Punch             |       |     3 |     6 |    46 |    50 ||   105
       Kick              |       |    14 |    59 |   141 |       ||   214
       Headbutt          |       |    11 |    38 |    68 |       ||   117
       Falchion          |       |       |     9 |       |       ||     9
       Trident           |       |       |       |     4 |       ||     4
       Scimitar          |       |       |       |       |    11 ||    11
Throw: Large rock        |       |       |       |    17 |       ||    17
 Cast: Beastly Appendage |       |     8 |    26 |    31 |       ||    65
       Wereblood         |       |     4 |    14 |    34 |    40 ||    92
       Blade Hands       |       |       |       |     9 |    33 ||    42
       Statue Form       |       |       |       |       |     1 ||     1
 Abil: End Transformatio |       |       |       |       |     1 ||     1
  Use: Potion            |     2 |       |       |     1 |     1 ||     4
       Scroll            |       |       |     3 |     9 |    11 ||    23
 Stab: Sleeping          |       |       |     2 |     5 |     8 ||    15
       Distracted        |       |       |     1 |     1 |       ||     2
       Confused          |       |       |       |     2 |       ||     2
       Petrified         |       |       |       |       |     2 ||     2
Armor: Robe              |    27 |    19 |    96 |   155 |   113 ||   410
       Skin              |     5 |     1 |       |       |     1 ||     7
Dodge: Dodged            |    23 |    43 |   163 |   359 |   413 ||  1001
Block: Other             |     1 |     9 |    52 |   204 |   264 ||   530
       Reflection        |       |       |       |    14 |    13 ||    27
       Rpst.: Falchion   |       |       |     4 |       |       ||     4
       Scimitar          |       |       |       |       |     2 ||     2

Table legend: (Time is in decaauts)
 A = Elapsed time spent in this place.
 B = Non-inter-level travel time spent in this place.
 C = Inter-level travel time spent in this place.
 D = Time resting spent in this place.
 E = Time spent auto-exploring this place.
 F = Levels seen in this place.
 G = Mean time per level.
                   A        B        C        D        E       F      G
               +--------+--------+--------+--------+--------+-----+--------+
         Total |  30754 |  28848 |   1906 |   1255 |  22746 |  25 | 1230.2 |
       Dungeon |  20163 |  18661 |   1502 |    655 |  15128 |  15 | 1344.2 |
        Temple |      1 |      1 |      0 |      0 |      0 |   1 |    1.0 |
          Lair |   6992 |   6758 |    234 |      0 |   5974 |   4 | 1748.0 |
  Orcish Mines |   2351 |   2182 |    169 |    426 |   1289 |   2 | 1175.5 |
        Bazaar |    153 |    153 |      0 |      0 |     84 |   1 |  153.0 |
       Ossuary |    252 |    252 |      0 |      0 |      6 |   1 |  252.0 |
      Ice Cave |    838 |    838 |      0 |    174 |    264 |   1 |  838.0 |
               +--------+--------+--------+--------+--------+-----+--------+

Top non-repeatable levels by time:
    D:13: 2704 daAuts
  Lair:4: 2694 daAuts
    D:11: 2051 daAuts
    D:14: 1925 daAuts
     D:5: 1871 daAuts
    D:15: 1796 daAuts
    D:12: 1607 daAuts
     D:9: 1531 daAuts
  Lair:3: 1509 daAuts
  Lair:1: 1509 daAuts
  Lair:2: 1279 daAuts
     D:8: 1266 daAuts
   Orc:2: 1181 daAuts
   Orc:1: 1169 daAuts
    D:10: 1154 daAuts
